 Dungeon Crawl Stone Soup version 0.28-a0-655-g4eb62b627b (webtiles) character file.

Game seed: 7650968131574103330

1292 omnomnOMINOUS the Ducker (level 8, -4/57 HPs)
             Began as an Octopode Wanderer on Oct 12, 2021.
             Was a Priest of Fedhas.
             Killed from afar by an orc (36 damage)
             ... with a bolt of acid
             ... on level 6 of the Dungeon.
             The game lasted 00:10:58 (6241 turns).

omnomnOMINOUS the Ducker (Octopode Wanderer)        Turns: 6241, Time: 00:11:00

Health: -4/57      AC: -3    Str: 15    XL:     8   Next: 56%
Magic:  11/11      EV: 15    Int: 18    God:    Fedhas [***...]
Gold:   238        SH:  7    Dex: 12    Spells: 3/11 levels left

rFire   . . .      SeeInvis .   b - +0 demon blade (drain)
rCold   . . .      Faith    .   j - +2 buckler
rNeg    + + .      Spirit   .   (helmet restricted)
rPois   .          Reflect  .   (no amulet)
rElec   .          Harm     .   g - +6 ring of strength
rCorr   .          Rampage  .   q - ring of positive energy
Will    +....                   t - ring of willpower
Stlth   +++.......              c - ring of positive energy
HPRegen 0.19/turn               (no ring)
MPRegen 0.12/turn               (no ring)
                                (no ring)
                                (no ring)

@: corroded
A: almost no armour, amphibious, 8 rings, camouflage 1, gelatinous body 1,
(nimble swimmer 1), tentacles
a: Renounce Religion, Wall of Briars, Grow Ballistomycete


You were on level 6 of the Dungeon.
You worshipped Fedhas.
Fedhas was most pleased with you.
You visited 1 branch of the dungeon, and saw 6 of its levels.

You collected 238 gold pieces.

Inventory:

Hand Weapons
 a - a +2 spear
 b - a +0 demon blade of draining (weapon)
Missiles
 v - 2 throwing nets (quivered)
Armour
 j - a +2 buckler (worn)
Jewellery
 c - a ring of positive energy (on tentacle)
 g - a +6 ring of strength (left tentacle)
 q - a ring of positive energy (right tentacle)
 t - a ring of willpower (on tentacle)
Wands
 p - a wand of charming (8)
 r - a wand of polymorph (15)
 y - a wand of paralysis (4)
Scrolls
 d - 2 scrolls of noise
 i - a scroll of amnesia
 k - 2 scrolls of enchant armour
 l - a scroll of fear
 m - a scroll of teleportation {unknown}
 s - a scroll of summoning {unknown}
 u - a scroll of holy word {unknown}
 z - a scroll of enchant weapon {unknown}
Potions
 e - a potion of ambrosia
 f - a potion of attraction
 h - 2 potions of curing
 n - a potion of haste
 o - 2 potions of lignification
 w - a potion of brilliance
 x - a potion of heal wounds


   Skills:
 + Level 5.8 Fighting
 - Level 1.0 Throwing
 + Level 5.9 Dodging
 - Level 1.3 Stealth
 - Level 4.0 Shields
 - Level 2.0 Spellcasting
 + Level 2.9 Conjurations
 - Level 3.0 Fire Magic
 * Level 4.2 Air Magic


You had 3 spell levels left.
You knew the following spells:

 Your Spells              Type           Power      Damage    Failure   Level
a - Shock                 Conj/Air       56%        1d6       4%          1
b - Swiftness             Air            17%        N/A       10%         3
c - Airstrike             Air            8%         N/A       32%         4

Your spell library contained the following spells:

 Spells                   Type           Power      Damage    Failure   Level
 Foxfire                  Conj/Fire      48%        2x1d6     5%          1
 Conjure Flame            Conj/Fire      12%        6-21      16%         3
 Pain                     Necr           4%         1d4       19%         1
 Inner Flame              Hex/Fire       7%         N/A       28%         3
 Flame Wave               Conj/Fire      12%        3d4       47%         4
 Agony                    Necr           1%         N/A       99%         5
 Excruciating Wounds      Necr           0%         N/A       99%         5


Dungeon Overview and Level Annotations

Branches:
Dungeon (6/15)
 Temple: D:4-7

Altars:
Fedhas
Gozag
Kikubaaqudgha
Nemelex Xobeh
Qazlal

Shops:
D:3 (


Innate Abilities, Weirdness & Mutations

You cannot wear most types of armour.
You are amphibious.
You can wear up to eight rings at the same time.
Your skin changes colour to match your surroundings (Stealth+).
Your rubbery body absorbs attacks. (AC +1, EV +1)
((You are camouflaged near water. (Stealth+)))
You have tentacles for arms and can constrict up to eight enemies at once.


Message History

The orc shouts! x2
You slash the orc!
You kill the orc!
Fedhas appreciates your contribution to the ecosystem.
There is an escape hatch in the ceiling here.
An orc and a white imp come into view.
The orc closely misses you.
The white imp moves out of view.
There is a stone staircase leading down here.
The orc shouts! x2
You slash the orc!
You kill the orc!
Fedhas appreciates your contribution to the ecosystem.
Something shouts, "Leave, thou hateful clay-brained varlet!"
An adder comes into view.
Things that are here:
a +0 club; a +0 club The orc zaps a wand.
The bolt of acid hits the orc!!
The orc dies!
The bolt of acid misses you.
There is a stone staircase leading down here.
A jelly comes into view.
The orc zaps a wand.
The bolt of acid hits you!! The acid corrodes you!
Items here: $ ))).
The orc completely misses you.
You closely miss the orc. Your grab misses the orc. You squeeze the orc.
The orc is severely wounded.
You barely miss the orc. You grab the orc.
The orc is severely wounded.
You constrict the orc, but do no damage.
The orc closely misses you.
The white imp disappears for a moment.
The orc hits you with a +0 dagger.
You hit the orc but do no damage.
The orc is severely wounded.
You constrict the orc. You block the orc's attack.
The orc hits you with a +0 dagger.
The orc zaps a wand.
The bolt of acid hits you!!!
Ouch! That really hurt!
You die...
Fedhas appreciates your contribution to the ecosystem.

#.# #.# #### #.#
..# ###.###### #.#
#.........
#.#######.#.######
#.><......#.#
#)#########.##
#@o..........#
#o#########..#####
#J# ##...........
.5. .........#####
..# ###.####.#
#..# # #.# #..#
#.# .... #.# #.#


You could see a jelly, a white imp and 2 orcs.

Vanquished Creatures
  Grinder (D:5)
  Eustachio (D:5)
  Edmund (D:5)
  An ogre (D:5)
  A necrophage (D:3)
  A centaur (D:5)
  A gnoll sergeant (D:5)
  3 howler monkeys (D:5)
  A hound (D:5)
  2 bullfrog skeletons
  Jessica (D:3)
  Ijyb (D:4)
  An orc wizard (D:3)
  10 gnolls (D:5)
  A howler monkey skeleton (D:5)
  6 adders
  2 adder skeletons (D:4)
  2 dart slugs
  12 orcs
  4 bats
  3 endoplasms
  A giant cockroach (D:1)
  3 goblins
  7 hobgoblins
  8 jackals
  5 kobolds
  2 quokkas
  5 ball pythons
  2 frilled lizards (D:3)
  2 rats (D:3)
91 creatures vanquished.

Vanquished Creatures (others)
  An orc (D:6)
  3 plants (D:3)
4 creatures vanquished.

Grand Total: 95 creatures vanquished

Notes
Turn   | Place    | Note
-------+----------+-------------------------------------------
     0 | D:1      | omnomnOMINOUS the Octopode Wanderer began the quest for the
                  | Orb.
     0 | D:1      | omnomnOMINOUS set off with the following items: a +2 spear,
                  | 2 potions of lignification
     0 | D:1      | Reached XP level 1. HP: 18/18 MP: 1/1
    49 | D:1      | Reached skill level 1 in Dodging
   122 | D:1      | Reached XP level 2. HP: 24/24 MP: 2/2
   736 | D:2      | Learned a level 1 spell: Shock
   742 | D:2      | Found a faded altar of an unknown god.
   750 | D:2      | Prayed at the altar of an unknown god.
   750 | D:2      | Became a worshipper of Fedhas Madash
   750 | D:2      | Reached * piety under Fedhas
   890 | D:2      | Reached XP level 3. HP: 29/29 MP: 3/3
  1713 | D:3      | Noticed a necrophage
  1721 | D:3      | Killed a necrophage
  1722 | D:3      | Reached XP level 4. HP: 17/35 MP: 4/4
  1722 | D:3      | Reached XP level 5. HP: 19/39 MP: 5/5
  1922 | D:3      | Noticed Jessica
  1934 | D:3      | Killed Jessica
  2214 | D:3      | Reached XP level 6. HP: 22/45 MP: 6/6
  2440 | D:3      | Reached ** piety under Fedhas
  2542 | D:3      | Found Unaamm's Weapon Shop.
  2616 | D:3      | Found a sparkling altar of Nemelex Xobeh.
  2997 | D:4      | Learned a level 3 spell: Swiftness
  3187 | D:4      | Found a stormy altar of Qazlal.
  3267 | D:4      | Found a blossoming altar of Fedhas.
  3273 | D:4      | Noticed Ijyb
  3278 | D:4      | Killed Ijyb
  3821 | D:5      | Entered Level 5 of the Dungeon
  3835 | D:5      | Found an opulent altar of Gozag.
  3847 | D:5      | Noticed Eustachio
  3856 | D:5      | Killed Eustachio
  3857 | D:5      | Reached skill level 5 in Dodging
  3857 | D:5      | Reached skill level 1 in Air Magic
  3857 | D:5      | Reached XP level 7. HP: 50/50 MP: 7/7
  4043 | D:5      | Reached skill level 1 in Spellcasting
  4043 | D:5      | Reached skill level 1 in Conjurations
  4462 | D:5      | Reached *** piety under Fedhas
  4923 | D:5      | Noticed Grinder
  4939 | D:5      | Killed Grinder
  4940 | D:5      | Reached XP level 8. HP: 44/56 MP: 9/11
  5247 | D:5      | Learned a level 4 spell: Airstrike
  5730 | D:5      | Found an ancient bone altar of Kikubaaqudgha.
  5771 | D:5      | Noticed Edmund
  5786 | D:5      | Killed Edmund
  6241 | D:6      | Killed from afar by an orc

Illustrated notes

Levels and vault maps discovered:
D:1:      dpeg_arrival_orchard, layout_loops_ring, patterned_corridor
D:2:      minmay_door_path, layout_loops_ring, dreamdust_ecumenical_altar_grove,
          chequers_serial_rivers_large_b, chequers_serial_rivers_marsh
D:3:      layout_loops_ring, mainiacjoe_overflow_chevrons, serial_shops, shop,
          corexii_shack, uniq_jessica
D:4:      layout_cave_pods, nicolae_qazlal_general_emergency,
          kennysheep_mini_moat, uniq_ijyb
D:5:      layout_cave_pods, general_overflow_altar, grunt_gozag_statues,
          minmay_diced_spiral, uniq_grinder, uniq_eustachio, uniq_edmund
D:6:      layout_loops_ring, trog_book, gammafunk_ghost_cemetery,
          corexii_corridor_pit, minmay_misc_feat_square, uniq_prince_ribbit1

Skill      XL: |  1  2  3  4  5  6  7  8 |
---------------+-------------------------+-----
Dodging        | 1 2 3 4 5 |  5.9
Shields        | 2 3 4 |  4.0
Air Magic      | 1 3 4 |  4.2
Spellcasting   | 2 |  2.0
Conjurations   | 2 |  2.9
Fighting       | |  5.8
Throwing       | |  1.0
Stealth        | |  1.3
Fire Magic     | |  3.0

Action                   |  1- 3 |  4- 6 |  7- 9 || total
-------------------------+-------+-------+-------++-------
Melee: Spear             |    67 |    64 |       ||   131
       Constrict         |    12 |    22 |    16 ||    50
       Tentacles         |     7 |    16 |    14 ||    37
       Demon blade       |       |    12 |    67 ||    79
 Cast: Shock             |       |       |    23 ||    23
  Use: Scroll            |       |       |     9 ||     9
       Potion            |       |       |     1 ||     1
 Stab: Sleeping          |     9 |     3 |     1 ||    13
       Distracted        |     1 |       |       ||     1
Armor: Skin              |     3 |     1 |     2 ||     6
Dodge: Dodged            |    28 |    30 |    47 ||   105
Block: Buckler           |     1 |     9 |    23 ||    33

Table legend: (Time is in decaauts)
 A = Elapsed time spent in this place.
 B = Non-inter-level travel time spent in this place.
 C = Inter-level travel time spent in this place.
 D = Time resting spent in this place.
 E = Time spent auto-exploring this place.
 F = Levels seen in this place.
 G = Mean time per level.
                   A        B        C        D        E       F      G
               +--------+--------+--------+--------+--------+-----+--------+
         Total |   6292 |   6063 |    229 |   1245 |   3947 |   6 | 1048.7 |
       Dungeon |   6292 |   6063 |    229 |   1245 |   3947 |   6 | 1048.7 |
               +--------+--------+--------+--------+--------+-----+--------+

Top non-repeatable levels by time:
     D:5: 1923 daAuts
     D:4: 1260 daAuts
     D:3: 1256 daAuts
     D:2: 928 daAuts
     D:1: 715 daAuts
     D:6: 209 daAuts
